 Dungeon Crawl Stone Soup version 0.27.1-3-gb3d3a73c9e (webtiles) character file.

Game seed: 8233875264448178768

426 CuBeRJAN3 the Magician (level 7, -1/51 HPs)
             Began as a Djinni Conjurer on Oct 28, 2021.
             Slain by an orc warrior (10 damage)
             ... on level 3 of the Dungeon.
             The game lasted 00:12:41 (4194 turns).

CuBeRJAN3 the Magician (Djinni Conjurer)            Turns: 4194, Time: 00:12:42

Health: -1/51      AC:  4    Str:  6    XL:     7   Next: 18%
Gold:   167        EV: 13    Int: 21    God:
                   SH:  0    Dex: 12

rFire    + + .     SeeInvis .   c - +0 short sword
rCold    x . .     Faith    .   (no shield)
rNeg     . . .     Spirit   .   a - +0 robe
rPois    ∞         Reflect  .   j - +0 helmet
rElec    .         Harm     .   (no cloak)
rCorr    .         Rampage  .   d - +0 pair of gloves
Will     .....                  (boots unavailable)
Stlth    ++........             h - amulet of regeneration
HPRegen  1.17/turn              (no ring)
MPRegen  0.00/turn              (no ring)

@: flying, very slightly contaminated
A: sickness immunity, fire resistance 2, cold vulnerability 1, float, innate
caster, hp casting, extra vitality 1
a: no special abilities


You were on level 3 of the Dungeon.
You visited 1 branch of the dungeon, and saw 3 of its levels.
You also visited: Sewer.

You collected 167 gold pieces.

Inventory:

Hand Weapons
 c - a +0 short sword (weapon)
Armour
 a - a +0 robe (worn)
 d - a +0 pair of gloves (worn)
 j - a +0 helmet (worn)
Jewellery
 h - an amulet of regeneration (around neck)
Scrolls
 e - a scroll of teleportation
 f - a scroll of summoning
 g - a scroll of enchant armour {unknown}
 k - a scroll of fog {unknown}
Potions
 b - a potion of magic {unknown}
 i - a potion of attraction


   Skills:
 * Level 3.7 Fighting
 + Level 3.7 Dodging
 + Level 2.8 Stealth
 * Level 4.5 Spellcasting


You couldn't memorise any spells.
You knew the following spells:

 Your Spells              Type           Power      Damage    Failure   Level
a - Magic Dart            Conj           92%        1d7       1%          1
b - Searing Ray           Conj           46%        3d4       2%          2
c - Dazzling Flash        Conj/Hex       46%        N/A       5%          3
d - Fulminant Prism       Conj/Hex       11%        3d9       19%         4
e - Iskenderun's Mystic   Conj/Tloc      23%        2d6       19%         4
f - Apportation           Tloc           46%        N/A       1%          1
g - Wereblood             Tmut           23%        N/A       2%          2
h - Teleport Other        Tloc           23%        N/A       5%          3
Your spell library was empty.

Dungeon Overview and Level Annotations

Branches:
Dungeon (3/15)              Sewer (visited)

Altars:

Annotations:
D:3 Grinder


Innate Abilities, Weirdness & Mutations

You are immune to sickness and miasma.
You are immune to poison.
Your flesh is very heat resistant. (rF++)
You are vulnerable to cold. (rC-)
You float through the air rather than walking.
You learn spells naturally, not from books.
Your magical power is your life essence.
You have superior vitality. (+4 HP)


Message History

You miscast Iskenderun's Mystic Blast.
You are very lightly contaminated with residual magic.
Nothing appears to happen.
The orc warrior misses you.
Casting: Iskenderun's Mystic Blast (quite dangerous; 19% risk of failure)
Confirm with . or Enter, or press ? or * to list all spells.
The spell is quite dangerous to cast (19% risk of failure)!
Continue anyway?
You erupt in a blast of force!
The mystic blast hits the orc warrior!
The orc warrior is moderately wounded.
The orc warrior is knocked back by the mystic blast.
The orc warrior collides with the kobold!
Casting: Iskenderun's Mystic Blast (quite dangerous; 19% risk of failure)
Confirm with . or Enter, or press ? or * to list all spells.
The spell is quite dangerous to cast (19% risk of failure)!
Continue anyway?
Aiming: Fulminant Prism (quite dangerous; 19% risk of failure)
Press: ? - help, Dir - move target You miscast Fulminant Prism.
Nothing appears to happen.
Casting: Fulminant Prism (quite dangerous; 19% risk of failure)
Confirm with . or Enter, or press ? or * to list all spells.
The spell is quite dangerous to cast (19% risk of failure)!
Continue anyway?
You erupt in a blast of force!
The mystic blast hits the ball python.
You kill the ball python!
The mystic blast hits the goblin!
You kill the goblin!
The mystic blast hits the kobold!
You kill the kobold!
The mystic blast hits the orc warrior but does no damage.
The orc warrior is moderately wounded.
The orc warrior barely misses you.
A worm comes into view.
Casting: Iskenderun's Mystic Blast (quite dangerous; 19% risk of failure)
Confirm with . or Enter, or press ? or * to list all spells.
The spell is quite dangerous to cast (19% risk of failure)!
Continue anyway?
Aiming: Fulminant Prism (quite dangerous; 19% risk of failure)
Press: ? - help, Dir - move target You miscast Fulminant Prism.
A wave of violent energy washes through your body!
The orc warrior hits you with a +1 battleaxe of freezing!
* * * LOW HITPOINT WARNING * * *
The orc warrior freezes you!
You die...

##...##........##.###
####....#..######..#...#
#......##.##... ##.##..#
###......#..#..w #..#..#
#........#..#..# .#..#.##
#........#..#..##).#....#
#........#..#......#....#
#........##.#)....##....#
#.........#.@o†.# #.......
#.........##?).............#
#..........###....###......#
#...)........ #####
......... #........###..
.......#.. #....<...# ##
.........# #..........#
####......... #...........


You could see an orc warrior and a worm.

Vanquished Creatures
  A bullfrog (Sewer)
  A scorpion (D:2)
  Terence (D:3)
  Natasha (thrice) (D:2)
  4 gnolls (D:3)
  4 adders
  A river rat (D:3)
  A worm (D:3)
  6 dart slugs
  3 bats
  16 endoplasms
  14 giant cockroaches
  5 hobgoblins
  12 quokkas
  14 ball pythons
  16 frilled lizards
  6 goblins
  3 kobolds
  A rat (D:1)
112 creatures vanquished.

Vanquished Creatures (others)
  A fulminant prism (D:3)
1 creature vanquished.

Grand Total: 113 creatures vanquished

Notes
Turn   | Place    | Note
-------+----------+-------------------------------------------
     0 | D:1      | CuBeRJAN3 the Djinni Conjurer began the quest for the Orb.
     0 | D:1      | Reached XP level 1. HP: 15/15 MP: 0/0
   188 | D:1      | Reached XP level 2. HP: 19/22 MP: 0/0
   425 | D:1      | Reached skill level 1 in Fighting
   910 | D:1      | Reached XP level 3. HP: 24/27 MP: 0/0
   910 | D:1      | Learned a level 1 spell: Apportation
  1601 | D:2      | Noticed a scorpion
  2200 | D:2      | Noticed Natasha
  2204 | D:2      | Killed Natasha
  2205 | D:2      | Reached XP level 4. HP: 25/33 MP: 0/0
  2318 | D:2      | Noticed Natasha
  2325 | D:2      | Killed Natasha
  2693 | D:2      | Found a faded altar of an unknown god.
  2707 | D:2      | Reached XP level 5. HP: 34/38 MP: 0/0
  2707 | D:2      | Learned a level 2 spell: Wereblood
  2760 | D:2      | Noticed Natasha
  2769 | D:2      | Killed Natasha
  3326 | D:2      | Reached skill level 4 in Spellcasting
  3442 | D:3      | Reached XP level 6. HP: 44/45 MP: 0/0
  3463 | D:3      | Found a glowing drain.
  3467 | Sewer    | Entered a sewer
  3934 | D:3      | Noticed Terence
  3947 | D:3      | Killed Terence
  3948 | D:3      | Reached XP level 7. HP: 43/50 MP: 0/0
  3948 | D:3      | Learned a level 3 spell: Teleport Other
  4026 | D:3      | Noticed Grinder
  4036 | D:3      | Paralysed by Grinder for 2 turns
  4194 | D:3      | Slain by an orc warrior

Illustrated notes

Levels and vault maps discovered:
D:1:      heliophobic_arrival_ceremonial_halls, layout_basic
D:2:      layout_loops_ring, hellmonk_ecumenical_altar_crossroads, uniq_natasha
D:3:      layout_basic, nicolae_uskayaw_dance_hall, nzn_wu_jian_council_hall,
          gup_sewer_entry_bowl, minmay_randomly_rotated_circles, uniq_terence,
          uniq_grinder, uniq_robin, uniq_sigmund, uniq_crazy_yiuf_cottage

Skill      XL: |  1  2  3  4  5  6 |
---------------+-------------------+-----
Fighting       | 1 2 3 |  3.7
Stealth        | 2 |  2.8
Dodging        | 3 |  3.7
Spellcasting   | 4 |  4.5

Action                   |  1- 3 |  4- 6 |  7- 9 || total
-------------------------+-------+-------+-------++-------
Melee: Unarmed           |     1 |       |       ||     1
       Short sword       |       |     2 |     1 ||     3
 Cast: Magic Dart        |    50 |    29 |    12 ||    91
       Searing Ray       |     3 |    46 |     1 ||    50
       Dazzling Flash    |     1 |     1 |       ||     2
       Iskenderun's Myst |       |     8 |     3 ||    11
       Fulminant Prism   |       |       |     1 ||     1
  Use: Scroll            |     1 |     2 |       ||     3
Armor: Robe              |       |     3 |       ||     3
Dodge: Dodged            |    10 |    18 |     4 ||    32
